Map: Аура смерти РВ

Players

Kantara

  • Race: Protoss Protoss
  • League: Diamond
  • Spawn Location: 11:00

SziDschey - Winner!

  • Race: Protoss Protoss
  • League: Diamond
  • Spawn Location: 5:00

VOD

Have the link to the VOD?

Description

Time

  • Played on: Jan. 8, 2021, 6:40 p.m.
  • Length: 11:18
Show
View Real Time Build Order
Export as new Build Order

Kantara Protoss 

Build Orders:  

Get SALT Encoding   

  12  0:03  Probe  
  13  0:15  Probe  
  13  0:19  Pylon  
  14  0:27  Probe (Chrono Boost)  
  15  0:39  Probe (Chrono Boost)  
  15  0:40  Gateway  
  16  0:46  Probe (Chrono Boost)  
  16  0:48  Assimilator  
  17  0:57  Assimilator, Probe  
  18  1:09  Probe  
  19  1:13  Gateway  
  19  1:25  Probe  
  19  1:29  Cybernetics Core  
  20  1:38  Probe  
  21  1:49  Pylon  
  21  1:50  Probe  
  22  2:02  Probe  
  22  2:07  Stalker  
  25  2:08  Stalker  
  25  2:10  Warp Gate  
  27  2:23  Pylon  
  27  2:26  Probe  
  28  2:35  Twilight Council  
  27  2:39  Probe  
  28  2:44  Stalker  
  28  2:47  Sentry  
  32  2:52  Probe  
  33  3:15  Nexus  
  32  3:41  Probe  
  32  3:48  Shield Battery  
  32  3:53  Probe  
  33  4:08  Probe  
  34  4:10  Blink  
  34  4:17  Pylon  
  34  4:20  Probe  
  35  4:32  Probe  
  35  4:33  Robotics Facility  
  36  4:42  Stalker x2  
  36  4:43  Assimilator  
  36  4:45  Probe (Chrono Boost), Gateway  
  42  4:46  Gateway  
  42  4:50  Probe (Chrono Boost)  
  42  4:54  Forge  
  42  4:58  Probe x2 (Chrono Boost)  
  44  5:06  Stalker  
  46  5:08  Stalker  
  46  5:09  Probe  
  46  5:11  Probe  
  50  5:18  Protoss Ground Weapons Level 1 (Chrono Boost)  
  50  5:20  Observer  
  50  5:21  Probe  
  52  5:23  Probe  
  53  5:33  Probe, Pylon  
  53  5:35  Probe  
  55  5:37  Gateway  
  55  5:39  Gateway  
  59  5:51  Warp Prism  
  59  5:53  Probe (Chrono Boost)  
  58  5:58  Probe (Chrono Boost)  
  58  6:03  Probe (Chrono Boost)  
  57  6:06  Probe (Chrono Boost), Stalker x2  
  57  6:07  Stalker  
  57  6:10  Probe  
  64  6:15  Charge  
  64  6:17  Probe  
  66  6:24  Stalker  
  63  6:40  Photon Cannon  
  63  6:46  Photon Cannon  
  63  6:51  Probe x2  
  64  6:56  Stalker  
  64  6:57  Stalker x2  
  70  7:07  Pylon  
  70  7:08  Pylon  
  70  7:09  Pylon  
  70  7:10  Probe x2  
  66  7:31  Stalker  
  66  7:32  Stalker x4  
  72  7:40  Probe x2  
  74  7:46  Templar Archives  
  70  7:52  Probe  
  61  8:00  Assimilator  
  61  8:11  Stalker x5, Nexus  
  71  8:21  Probe x2  
  71  8:24  High Templar  
  75  8:47  High Templar  
  77  8:53  Pylon  
  77  8:56  Assimilator  
  77  8:58  High Templar, Assimilator  
  75  9:08  Archon  
  75  9:10  High Templar  
  75  9:15  Probe x2  
  79  9:20  High Templar  
  81  9:24  Zealot x2  
  81  9:25  Zealot  
  87  9:33  Archon  
  87  9:44  Warp Prism  
  89  9:46  Probe x3  
  82  10:20  High Templar x5  
  90  10:23  Probe  
  90  10:24  Probe x2  
  90  10:27  Pylon x2  
  79  10:36  Probe x2  
  79  10:38  Archon x2  
  79  10:40  Archon  
  77  10:43  Stalker  
  77  11:00  Stalker x5  
  75  11:10  Stalker  
Show
View Real Time Build Order
Export as new Build Order

SziDschey Protoss - Winner!

Build Orders:  

Get SALT Encoding   

  12  0:00  Probe  
  13  0:12  Probe  
  14  0:18  Pylon  
  14  0:24  Probe  
  15  0:36  Probe (Chrono Boost)  
  15  0:38  Gateway  
  16  0:48  Probe (Chrono Boost)  
  17  0:53  Probe (Chrono Boost)  
  17  0:54  Assimilator  
  18  1:00  Assimilator  
  18  1:03  Probe  
  19  1:11  Pylon  
  19  1:15  Probe  
  20  1:27  Probe (Chrono Boost), Cybernetics Core  
  21  1:37  Probe (Chrono Boost)  
  22  1:42  Probe (Chrono Boost)  
  23  1:53  Probe  
  24  1:57  Pylon  
  24  2:02  Stalker (Chrono Boost)  
  24  2:03  Warp Gate (Chrono Boost)  
  24  2:05  Probe  
  27  2:11  Gateway  
  27  2:18  Probe  
  28  2:37  Stalker  
  30  2:44  Shield Battery  
  30  2:54  Nexus  
  30  3:01  Stalker  
  32  3:09  Stalker  
  34  3:17  Probe  
  35  3:36  Probe  
  36  3:49  Probe  
  36  3:52  Stargate  
  36  3:53  Stargate  
  37  3:57  Stargate  
  37  4:01  Probe  
  38  4:13  Probe (Chrono Boost)  
  39  4:18  Probe (Chrono Boost)  
  40  4:25  Probe (Chrono Boost)  
  40  4:28  Probe (Chrono Boost)  
  41  4:31  Assimilator  
  41  4:36  Probe  
  41  4:38  Assimilator, Probe  
  43  4:46  Shield Battery  
  43  4:47  Pylon  
  43  4:49  Probe  
  43  4:50  Probe  
  49  4:56  Phoenix x3  
  51  5:01  Probe  
  51  5:02  Probe  
  53  5:13  Probe (Chrono Boost)  
  54  5:16  Forge  
  54  5:17  Gateway  
  55  5:25  Probe (Chrono Boost)  
  55  5:26  Probe (Chrono Boost)  
  56  5:28  Phoenix  
  56  5:30  Phoenix  
  56  5:33  Probe (Chrono Boost)  
  56  5:34  Probe (Chrono Boost)  
  61  5:42  Pylon  
  62  5:45  Protoss Ground Armor Level 1 (Chrono Boost)  
  62  5:59  Phoenix  
  62  6:00  Probe  
  65  6:08  Void Ray  
  69  6:22  Pylon  
  69  6:23  Nexus  
  69  6:26  Pylon  
  69  6:34  Void Ray (Chrono Boost)  
  69  6:39  Probe  
  70  6:40  Probe  
  70  6:44  Void Ray (Chrono Boost)  
  75  6:52  Probe  
  84  6:54  Void Ray (Chrono Boost)  
  84  6:59  Zealot  
  86  7:03  Pylon x2  
  86  7:11  Protoss Air Weapons Level 1  
  86  7:12  Zealot  
  82  7:35  Zealot x2  
  82  7:36  Zealot  
  86  7:58  Void Ray x3 (Chrono Boost)  
  94  8:12  Probe x2  
  96  8:24  Probe x2  
  98  8:35  Void Ray x3  
  98  8:36  Probe x2  
  98  8:39  Probe  
  101  8:44  Zealot x2  
  117  8:52  Nexus  
  117  8:54  Assimilator  
  117  8:56  Pylon  
  117  8:57  Photon Cannon  
  117  8:58  Assimilator  
  117  8:59  Photon Cannon, Pylon  
  117  9:02  Assimilator  
  117  9:14  Probe x3  
  120  9:22  Fleet Beacon  
  120  9:26  Protoss Air Armor Level 1 (Chrono Boost), Cybernetics Core  
  120  9:28  Forge  
  120  9:29  Pylon  
  121  9:31  Probe x3, Pylon  
  121  9:32  Pylon  
  123  9:42  Photon Cannon x2  
  123  9:43  Probe x3  
  123  9:44  Photon Cannon  
  126  9:46  Pylon  
  126  9:49  Pylon  
  126  9:50  Void Ray  
  126  9:52  Void Ray, Pylon  
  126  9:54  Pylon  
  126  9:55  Oracle  
  137  10:12  Zealot  
  137  10:13  Zealot x2  
Tags
 
Add a new tag
Caveats
  • Supply blocks, unpowered buildings, or Contaminate may cause inaccurate times.
  • Supply counts are checked every 10 seconds.